Map: 오토메이턴 - 래더

Players

Leenock - Winner!

  • Race: Zerg Zerg
  • Spawn Location: 3:00

dark

  • Race: Zerg Zerg
  • Spawn Location: 9:00

Event: IEM Season 13: Katowice (2019)

VOD

Have the link to the VOD?

Description

Time

  • Played on: Feb. 28, 2019, 9:46 a.m.
  • Length: 8:58

All games in this series

Show
View Real Time Build Order
Export as new Build Order

Leenock Zerg - Winner!

Build Orders: 1 Base Baneling Bust, Pool First, Zergling Baneling 

Get SALT Encoding   

  12  0:00  Drone  
  13  0:10  Extractor  
  12  0:25  Spawning Pool  
  11  0:29  Drone  
  11  0:35  Drone  
  13  0:40  Drone  
  14  0:52  Overlord  
  14  1:11  Zergling x4  
  14  1:12  Zergling x2  
  14  1:18  Metabolic Boost  
  17  1:24  Zergling x2  
  18  1:32  Baneling Nest  
  17  1:36  Zergling x2  
  18  1:46  Zergling x2  
  19  1:56  Zergling x2  
  20  2:05  Zergling x2  
  21  2:21  Hatchery  
  20  2:27  Baneling x2  
  20  2:30  Zergling x2  
  21  2:44  Baneling  
  19  2:52  Zergling x6  
  20  3:04  Zergling x2  
  20  3:14  Zergling x2  
  21  3:32  Queen  
  22  3:43  Zergling x2  
  22  3:44  Zergling x2  
  22  3:47  Drone  
  25  3:54  Drone x2  
  27  3:56  Baneling x4  
  27  3:57  Baneling x2  
  27  4:01  Baneling  
  27  4:06  Drone  
  27  4:21  Overlord  
  23  4:28  Drone  
  23  4:35  Drone  
  23  4:37  Drone x3  
  26  4:41  Zergling x2  
  26  4:42  Zergling x2  
  27  4:46  Zergling x2  
  27  4:51  Zergling x2  
  28  4:54  Zergling x2  
  29  5:01  Baneling x2  
  29  5:02  Baneling x2  
  29  5:03  Zergling x2  
  30  5:07  Zergling x2  
  31  5:26  Zergling x2  
  31  5:27  Queen, Zergling x2  
  33  5:30  Zergling x2, Baneling x2  
  33  5:34  Drone  
  35  5:37  Drone  
  35  5:42  Overlord  
  36  5:44  Baneling  
  34  5:50  Drone x2  
  34  6:10  Drone x3  
  32  6:15  Drone  
  32  6:16  Drone x2  
  35  6:21  Drone  
  35  6:25  Drone x3  
  37  6:31  Lair  
  37  6:32  Overlord  
  39  6:34  Extractor  
  39  6:38  Overlord  
  38  6:46  Zergling x2  
  38  6:49  Zergling x2  
  38  6:53  Roach Warren  
  38  6:59  Drone x2  
  40  7:08  Drone, Baneling x2  
  35  7:10  Drone x2  
  35  7:12  Drone  
  35  7:13  Drone  
  39  7:20  Drone  
  41  7:22  Drone  
  41  7:29  Extractor  
  39  7:32  Nydus Network  
  39  7:34  Roach x2  
  42  7:38  Queen  
  42  7:43  Roach  
  46  7:45  Roach  
  46  7:48  Roach  
  50  7:52  Roach  
  50  7:57  Roach x2  
  56  8:00  Roach  
  56  8:05  Overlord  
  58  8:08  Nydus Canal  
  58  8:11  Roach  
  60  8:16  Overlord  
  60  8:24  Roach x2  
  63  8:27  Baneling x2  
  63  8:29  Roach  
  65  8:36  Roach  
Show
View Real Time Build Order
Export as new Build Order

dark Zerg 

Build Orders: Hatch First 

Get SALT Encoding   

  12  0:00  Drone  
  13  0:12  Overlord  
  13  0:17  Drone  
  14  0:32  Drone x2  
  17  0:35  Drone  
  17  0:52  Hatchery  
  17  0:56  Drone  
  17  0:58  Drone  
  18  1:10  Extractor  
  17  1:13  Spawning Pool  
  17  1:16  Drone  
  17  1:20  Drone  
  18  1:29  Drone  
  19  1:40  Drone  
  20  1:52  Overlord  
  20  2:00  Queen  
  22  2:04  Queen, Drone  
  22  2:05  Drone  
  26  2:10  Metabolic Boost  
  26  2:11  Drone  
  26  2:15  Drone  
  28  2:21  Spine Crawler  
  28  2:22  Zergling x2  
  28  2:26  Zergling x2  
  28  2:32  Zergling x2  
  28  2:44  Zergling x4  
  27  2:52  Zergling x2  
  27  2:55  Zergling x2  
  25  3:01  Zergling x2  
  24  3:10  Queen  
  25  3:14  Zergling x2  
  25  3:18  Zergling x2  
  26  3:21  Zergling x2  
  26  3:24  Zergling x2  
  27  3:32  Baneling Nest  
  26  3:35  Zergling x2  
  25  3:43  Zergling x4  
  25  3:46  Zergling x2  
  26  3:49  Zergling x2  
  27  4:00  Zergling x2  
  26  4:18  Baneling x2  
  26  4:20  Zergling x6  
  26  4:23  Zergling x4  
  24  4:26  Queen  
  24  4:29  Zergling x2  
  24  4:51  Drone x2  
  26  5:01  Baneling x2  
  26  5:05  Drone  
  27  5:12  Baneling x2  
  27  5:14  Zergling x4  
  27  5:32  Zergling x2  
  27  5:35  Baneling x2  
  27  5:38  Baneling  
  27  5:39  Drone  
  28  5:45  Hatchery  
  28  5:49  Drone x3  
  29  5:52  Baneling  
  29  5:58  Overlord  
  26  6:16  Queen  
  26  6:17  Zergling x4  
  26  6:18  Zergling x2  
  30  6:20  Zergling x2  
  30  6:25  Drone  
  32  6:27  Baneling x2  
  32  6:39  Baneling x2  
  32  6:42  Baneling x2  
  32  6:43  Drone  
  32  6:46  Drone x3  
  36  6:58  Zergling x4  
  38  7:07  Drone  
  37  7:15  Drone  
  38  7:23  Zergling x4  
  40  7:30  Lair  
  40  7:31  Evolution Chamber  
  40  7:33  Drone, Roach Warren  
  40  7:34  Drone  
  39  7:42  Drone x3  
  39  7:43  Drone x2  
  44  7:48  Overlord  
  44  7:49  Overlord  
  44  7:51  Baneling x2  
  44  8:11  Drone x3  
  47  8:15  Drone x3  
  47  8:18  Roach  
  47  8:19  Roach  
  54  8:27  Zergling x10  
  56  8:35  Roach  

Tags
 
Add a new tag
Caveats
  • Supply blocks, unpowered buildings, or Contaminate may cause inaccurate times.
  • Supply counts are checked every 10 seconds.